[Event "Betsys MČR v online bleskovém šachu 2021"]
[Site "Chess.com"]
[Date "2021.04.17"]
[Round "5"]
[White "dnovotny"]
[Black "JuliliaR"]
[Result "1-0"]
[WhiteElo "1761"]
[BlackElo "1303"]
[TimeControl "180+1"]
[EndTime "9:48:01 PDT"]
[Termination "Uživatel dnovotny zvítězil na čas"]

1. d4 d5 2. Nc3 Nf6 3. Bf4 c6 4. e3 Bf5 5. f3 e6 6. g4 Bg6 7. h4 h6 8. h5 Bh7 9. Bd3 Bxd3 10. Qxd3 Nbd7 11. Nge2 Be7 12. O-O-O Qb6 13. e4 O-O-O 14. Kb1 dxe4 15. Nxe4 Nd5 16. Nd6+ Bxd6 17. Bxd6 N7f6 18. Bc5 Qa5 19. c3 Nd7 20. Bd6 Nb8 21. Bg3 Qa6 22. Qxa6 Nxa6 23. Nf4 Nac7 24. Rhe1 Nxf4 25. Bxf4 Nd5 26.
Bg3 Rd7 27. c4 Nb6 28. b3 Rhd8 29. Kc2 a6 30. Kc3 Na8 31. Be5 Rg8 32. d5 cxd5 33. cxd5 Rxd5 34. Rxd5 exd5 35. Kd4 f6 36. Bd6 Nc7 37. Re7 Kd8 38. Rxc7 Re8 39. Rxb7 Re1 40. Rb8+ 1-0

[Event "Betsys MČR v online bleskovém šachu 2021"]
[Site "Chess.com"]
[Date "2021.04.17"]
[Round "5"]
[White "masterofbuzkashi"]
[Black "Richarlito"]
[Result "1-0"]
[WhiteElo "2258"]
[BlackElo "2022"]
[TimeControl "180+1"]
[EndTime "9:48:02 PDT"]
[Termination "Uživatel masterofbuzkashi zvítězil matem"]

1. d4 d5 2. c4 c6 3. Nc3 e6 4. Nf3 Nf6 5. Bf4 Nbd7 6. e3 Be7 7.
c5 O-O 8. b4 a5 9. b5 Re8 10.
b6 Bf8 11. Bc7 Qe7 12. Bd3 Nb8 13. O-O Na6 14. Bxa6 Rxa6 15. a4 Nd7 16. Ne5 Nxe5 17. Bxe5 f6 18. Bc7 e5 19. Qf3 e4 20. Qg3 Qe6 21.
h3 Ra8 22. Ne2 Qf7 23. Nc1 f5 24. Nb3 Re6 25. f4 Rg6 26. Qf2 Be7 27. Kh2 Rh6 28.
g3 Qh5 29. Qg2 Qg4 30. Ra2 g5 31. Raf2 Be6 32. fxg5 Bxg5 33. Bf4 Bxf4 34. Rxf4 Qg6 35. Kg1 Rh5 36. Kf2 Rg5 37. Rg1 h5 38. Ke2 Kf7 39.
Kd2 Ke7 40. Kc3 Kd7 41. Kb2 Rg8 42. Qd2 Rxg3 43. Rxg3 Qxg3 44. Qxa5 Qxh3 45. Qa7 Rg2+ 46. Ka3 Qxe3 47. Qxb7+ Ke8 48. Qb8+ Kf7 49. Qc7+ Kf6 50. Qe5+ Ke7 51. Rxf5 Rg3 52. Qd6+ Ke8 53. Rf8# 1-0

[Event "Betsys MČR v online bleskovém šachu 2021"]
[Site "Chess.com"]
[Date "2021.04.17"]
[Round "5"]
[White "Bartusman"]
[Black "Emicka1330"]
[Result "1-0"]
[WhiteElo "1970"]
[BlackElo "1644"]
[TimeControl "180+1"]
[EndTime "9:48:02 PDT"]
[Termination "Uživatel Bartusman zvítězil na čas"]

1. e4 d5 2. exd5 Nf6 3. Bc4 Nxd5 4. d3 g6 5. Nc3 c6 6. h4 Bg7 7. Bd2 O-O 8. Qe2 e5 9. h5 Bf5 10. g4 Be6 11. Ne4 b5 12. Bb3 a5 13. a4 Na6 14. Ng5 Qd7 15. hxg6 hxg6 16. f3 Nc5 17.
Qh2 Rfd8 18. Ne4 Nxe4 19. dxe4 Nb4 20. Bxe6 Qxe6 21. Bg5 f6 22. Be3 Qc4 23. Rc1 Na2 24. Rb1 Qxa4 25. Nh3 Nb4 26. Rc1 Qa2 27. Nf2 Qxb2 28.
Nd1 Qa3 29. Qh7+ Kf7 30. Bh6 Rg8 31. Ne3 Qc3+ 32. Kf2 Qd2+ 33. Kg3 Qe2 34. Nf5 gxf5 35.
Bxg7 Qe3 36. Qxf5 Qf4+ 37. Qxf4 exf4+ 38. Kxf4 Rxg7 39. Rhd1 Rgg8 40. c3 Rgd8 41. cxb4 axb4 42. Rxd8 Rxd8 43. Rxc6 1-0

[Event "Betsys MČR v online bleskovém šachu 2021"]
[Site "Chess.com"]
[Date "2021.04.17"]
[Round "5"]
[White "Cenisuh"]
[Black "HerjoAnpe"]
[Result "1-0"]
[WhiteElo "1603"]
[BlackElo "1237"]
[TimeControl "180+1"]
[EndTime "9:48:04 PDT"]
[Termination "Uživatel Cenisuh zvítězil matem"]

1. Nf3 e6 2. d4 d5 3. g3 c5 4. Bg2 cxd4 5. Nxd4 Nf6 6. O-O Nc6 7. b3 Nxd4 8. Qxd4 b6 9. Bb2 Be7 10. Nc3 Bd7 11.
e4 dxe4 12. Nxe4 Nxe4 13. Qxg7 Bf6 14. Bxf6 Qxf6 15. Qxf6 Nxf6 16. Bxa8 Ke7 17. Bg2 Rc8 18. Rac1 Ne8 19. c4 Nd6 20. Rfd1 Rc7 21. h4 h5 22. Rd2 Nb7 23. Rcd1 Bc8 24. a3 Nc5 25.
Rb1 Nd7 26. Kh2 Ne5 27. Bf3 Ng4+ 28. Bxg4 hxg4 29. Rd4 f5 30. Re1 Kf6 31. Rd6 Re7 32. Kg2 Bb7+ 33. Kh2 Bf3 34. Re3 Kf7 35. Re5 Be4 36.
Rd8 Bc2 37. Rd6 Bxb3 38. c5 bxc5 39. Rxc5 Bd5 40. h5 Kg7 41. h6+ Kxh6 42. Rcxd5 Kg5 43. Re5 Rh7+ 44. Kg2 Rc7 45. Rexe6 Rg7 46. a4 a5 47. Ra6 f4 48. Rxa5# 1-0

[Event "Betsys MČR v online bleskovém šachu 2021"]
[Site "Chess.com"]
[Date "2021.04.17"]
[Round "5"]
[White "elftom"]
[Black "ghostdog777"]
[Result "0-1"]
[WhiteElo "1956"]
[BlackElo "2271"]
[TimeControl "180+1"]
[EndTime "9:48:06 PDT"]
[Termination "Uživatel ghostdog777 zvítězil na čas"]

1. c4 c6 2. e4 e5 3. Nc3 d6 4. g3 Be6 5. d3 g6 6. Bg2 Bg7 7. Nge2 Qd7 8. Be3 Bh3 9. Bxh3 Qxh3 10. Qd2 Nf6 11. f3 Qg2 12. O-O-O Qxf3 13. Rdf1 Qg4 14. h3 Qe6 15. g4 Na6 16. a3 Nc5 17. Kc2 Nfd7 18. Bh6 Bxh6 19. Qxh6 O-O-O 20. b4 Na6 21. Qe3 Kb8 22. b5 cxb5 23. Nxb5 Nac5 24. Rb1 f5 25. gxf5 gxf5 26. Nec3 Rhg8 27. Rh2 a6 28. d4 exd4 29. Nxd4 Qxc4 30. Nc6+ Ka8 31. Nxd8 Rxd8 32. exf5 Na4 33. Rd2 Rc8 34. Rb3 Ndc5 35. Rb4 Qf7 36. Qf3 Nxc3 37. Qxc3 Qxf5+ 38. Kb2 Ne4 39. Qd4 Nxd2 40.
Qxd2 Qe5+ 41. Kb3 Rc5 42. Qg2 d5 43. Qg8+ Ka7 44. Qc8 Qc3+ 0-1

[Event "Betsys MČR v online bleskovém šachu 2021"]
[Site "Chess.com"]
[Date "2021.04.17"]
[Round "5"]
[White "viklan"]
[Black "clarissamcclellan"]
[Result "1-0"]
[WhiteElo "1587"]
[BlackElo "1815"]
[TimeControl "180+1"]
[EndTime "9:48:07 PDT"]
[Termination "Uživatel viklan zvítězil po vzdání soupeře"]

1. d4 Nf6 2. c4 g6 3. Nf3 Bg7 4. g3 O-O 5. Bg2 d6 6. O-O Nbd7 7. Nc3 e5 8. e4 Re8 9. Re1 c6 10. b3 exd4 11. Nxd4 Nc5 12. f3 a5 13. Be3 a4 14.
b4 Ne6 15. a3 Nxd4 16. Bxd4 Be6 17. Qd3 d5 18. cxd5 cxd5 19. e5 Nd7 20. f4 Nb6 21. Bf2 Nc4 22. Bxd5 Bxd5 23. Qxd5 Qxd5 24. Nxd5 Rad8 25.
Nc3 Rd3 26. Nxa4 Ra8 27. Nc5 Rdxa3 28. Rxa3 Nxa3 29. Nxb7 Nc2 30. Rb1 Bf8 31. Bc5 Rb8 32.
Bxf8 Kxf8 33. Nd6 Rxb4 34. Rxb4 Nxb4 35. Kg2 Kg7 36. h3 Nd3 37. Ne4 h5 38. Nf6 Nc5 39. Nd5 Ne6 40. g4 hxg4 41. hxg4 Nd4 42. Kg3 Ne6 43. Kf3 Nd4+ 44. Ke4 Ne2 45. Nf6 Nc3+ 46. Kd4 Ne2+ 47. Ke4 Nc3+ 48. Kf3 Nb5 49. f5 gxf5 50. gxf5 Nd4+ 51. Ke4 Nc6 52. Nd7 Kg8 53. f6 Nd8 54. Nc5 Kf8 55. Kd5 Ke8 56. Kd6 Kf8 57. Kd7 1-0

[Event "Betsys MČR v online bleskovém šachu 2021"]
[Site "Chess.com"]
[Date "2021.04.17"]
[Round "5"]
[White "mendryxchess"]
[Black "marfuss"]
[Result "1-0"]
[WhiteElo "1770"]
[BlackElo "2028"]
[TimeControl "180+1"]
[EndTime "9:48:08 PDT"]
[Termination "Uživatel mendryxchess zvítězil po vzdání soupeře"]

1. e4 e5 2. Nf3 Nf6 3. Bc4 Nxe4 4.
Nc3 Nxc3 5. dxc3 Be7 6. Nxe5 O-O 7. O-O d6 8. Nf3 Bg4 9. Bf4 Nc6 10. Re1 Bf6 11. h3 Bh5 12. Bd5 Qd7 13. Qd3 Rfe8 14.
Be4 Bxf3 15. Qxf3 Ne5 16. Bxe5 Bxe5 17. Bxb7 Rab8 18. Bc6 Qe7 19. Bxe8 Qxe8 20. b3 Qb5 21. Rad1 Qb6 22. c4 g6 23. Qe3 Qa6 24. a4 Qc8 25.
Qe4 Qf8 26. f4 Bf6 27. Qf3 Qg7 28. Qc6 Rc8 29. Re8+ Rxe8 30. Qxe8+ Qf8 31. Qxf8+ Kxf8 32. Kf2 Bc3 33. Rd3 Bb4 34. c3 Bc5+ 35. Kf3 a5 36. g4 Ke7 37. Ke4 Ke6 38. h4 f5+ 39. gxf5+ gxf5+ 40. Kf3 Kf6 41. Rd1 h6 42. Rb1 Bb6 43. b4 axb4 44. cxb4 Ke6 45. a5 Ba7 46. b5 Kd7 47. Ke2 Bb8 48. Kd3 Ba7 49. Rb3 Ke6 50. b6 cxb6 51.
axb6 Bb8 52. Kd4 Kd7 53. Kd5 Kc8 54. Kc6 Kd8 55. b7 Ke7 56. Ra3 1-0

[Event "Betsys MČR v online bleskovém šachu 2021"]
[Site "Chess.com"]
[Date "2021.04.17"]
[Round "5"]
[White "TommyLud"]
[Black "Varinius"]
[Result "1/2-1/2"]
[WhiteElo "2161"]
[BlackElo "2432"]
[TimeControl "180+1"]
[EndTime "9:48:10 PDT"]
[Termination "Remíza opakováním pozice"]

1. d4 Nf6 2. c4 c5 3. d5 b5 4. cxb5 a6 5. bxa6 g6 6. Nc3 Bg7 7. e4 O-O 8. Be2 Qa5 9. Bd2 Bxa6 10. e5 Ne8 11. Nf3 d6 12. e6 fxe6 13. Ng5 Nc7 14.
h4 Qb6 15. h5 exd5 16. hxg6 hxg6 17. Qc2 Rf6 18. Bf3 e6 19. Nh7 Rf5 20. Bg4 Nc6 21. Bxf5 exf5 22. g4 Nd4 23. Qb1 Re8+ 24. Kd1 Qb8 25.
gxf5 Nxf5 26. Ng5 d4 27. Nce4 Nd5 28. Qc2 Nb4 29. Bxb4 Qxb4 30. Qb3+ Qxb3+ 31. axb3 Bb7 32. f3 Ne3+ 33. Kd2 Bd5 34. Nxd6 Rb8 35. Nge4 Bxb3 36. Nxc5 Bd5 37. Nce4 Rxb2+ 38. Kd3 Rb3+ 39. Kd2 Rb2+ 40.
Kd3 Rb3+ 41. Kd2 Nc4+ 42. Nxc4 Bxc4 43. Ra8+ Kf7 44. Ra7+ Kf8 45. Ra8+ Kf7 46. Ra7+ Kf8 47. Ra8+ Kf7 1/2-1/2

[Event "Betsys MČR v online bleskovém šachu 2021"]
[Site "Chess.com"]
[Date "2021.04.17"]
[Round "5"]
[White "BrunoT2"]
[Black "MaTpAt113"]
[Result "1/2-1/2"]
[WhiteElo "1162"]
[BlackElo "857"]
[TimeControl "180+1"]
[EndTime "9:48:10 PDT"]
[Termination "Remíza opakováním pozice"]

1. e4 c6 2. Nf3 d5 3. exd5 cxd5 4. d4 Bf5 5. Nc3 e6 6. Bf4 Nc6 7. Ne5 Be7 8. Nxc6 bxc6 9. Bd3 Bxd3 10. Qxd3 Nf6 11.
O-O Bd6 12. Bxd6 Qxd6 13. Rfe1 Ng4 14. Qg3 Qxg3 15. hxg3 Nf6 16. Ne2 Ne4 17. f3 Nf6 18. Nf4 h6 19. Rad1 g5 20. Nh3 Rb8 21. b3 Nh5 22. Kf2 Rb4 23. c3 Rb5 24. Rb1 Rg8 25. c4 dxc4 26. bxc4 Rxb1 27. Rxb1 Ke7 28. Rb7+ Kf6 29. g4 Nf4 30. Nxf4 gxf4 31. Rxa7 Rb8 32. Rc7 Rb2+ 33. Kg1 Rxa2 34. Rxc6 Ra1+ 35. Kh2 Rd1 36. d5 Rd2 37. dxe6 fxe6 38. Rb6 Rc2 39. Rc6 Rc3 40. c5 Rc4 41. Kh3 Rc3 42. Kh2 Rc4 43. g3 Rc2+ 44.
Kh3 fxg3 45. Kxg3 Rc3 46. Kf4 Rc4+ 47. Kg3 Rc3 48. Kg2 Rc2+ 49. Kg3 Rc3 1/2-1/2

[Event "Betsys MČR v online bleskovém šachu 2021"]
[Site "Chess.com"]
[Date "2021.04.17"]
[Round "5"]
[White "sodikus"]
[Black "Simago"]
[Result "1-0"]
[WhiteElo "2332"]
[BlackElo "2094"]
[TimeControl "180+1"]
[EndTime "9:48:11 PDT"]
[Termination "Uživatel sodikus zvítězil po vzdání soupeře"]

1. Nf3 Nf6 2. b3 d6 3. d4 Nbd7 4. Bb2 g6 5. g3 Bg7 6. Bg2 O-O 7. O-O e5 8. dxe5 Ng4 9. c4 Ngxe5 10. Nxe5 Nxe5 11.
Nc3 c6 12. Qc1 Qe7 13. Rd1 Be6 14. Ne4 Rad8 15. Ba3 c5 16. Bb2 a6 17. Nc3 Nc6 18.
e3 Bg4 19. Nd5 Qe6 20. Bxg7 Kxg7 21. Qc3+ Qe5 22. Rd2 Be6 23. f4 Qxc3 24. Nxc3 Rd7 25. h3 Rfd8 26. Rad1 Kf8 27. Kf2 Ke7 28. Na4 b5 29.
Bxc6 bxa4 30. Bxd7 Rxd7 31. g4 f5 32. Kf3 axb3 33.
axb3 a5 34. e4 fxg4+ 35. hxg4 h5 36. f5 hxg4+ 37. Kxg4 gxf5+ 38. exf5 Bf7 39. Kg5 a4 40. f6+ Kf8 41. bxa4 Bxc4 42. Rxd6 Ra7 43. Rd8+ Kf7 44. R1d7+ Rxd7 45. Rxd7+ Kf8 46. Rc7 Bb3 47. a5 c4 48. a6 Bc2 49. a7 Be4 50. Rxc4 Bd5 51.
Rc8+ Kf7 52. a8=Q Bxa8 53. Rxa8 Ke6 54. Kg6 Ke5 55. f7 1-0

[Event "Betsys MČR v online bleskovém šachu 2021"]
[Site "Chess.com"]
[Date "2021.04.17"]
[Round "5"]
[White "domecek"]
[Black "JustFilip05"]
[Result "0-1"]
[WhiteElo "1963"]
[BlackElo "2140"]
[TimeControl "180+1"]
[EndTime "9:48:11 PDT"]
[Termination "Uživatel JustFilip05 zvítězil na čas"]

1. d4 e5 2. dxe5 Nc6 3. Nf3 Qe7 4. g3 Nxe5 5. Bg2 Nxf3+ 6. Bxf3 c6 7. O-O d5 8. Re1 Qc7 9. Bf4 Bd6 10. Bxd6 Qxd6 11.
e4 Be6 12. exd5 cxd5 13. c4 d4 14. Bxb7 Rb8 15. Bd5 Ne7 16. Qxd4 O-O 17. b3 Nxd5 18. Nc3 Qb6 19. c5 Qb4 20. Qxb4 Nxb4 21. Re2 Rfc8 22.
a3 Nd3 23. b4 a5 24. Re3 axb4 25. Rxd3 bxc3 26. Rxc3 Rb3 27. Rac1 Kf8 28. f4 Ke7 29. Kf2 Ra8 30. Rxb3 Bxb3 31. Rc3 Bd5 32. Ke3 Kd7 33.
Kd4 Kc6 34. f5 Ra4+ 35. Ke3 Re4+ 36. Kd3 Re5 37. g4 Re4 38. h3 Rf4 39. Ke2 Ra4 40. Kf2 Ra5 41. Kg3 Rxc5 42. Re3 Kd6 43. h4 Kd7 44. g5 Rb5 45. Kf4 Ra5 46. f6 gxf6 47. gxf6 Be6 48. Rd3+ Ke8 0-1

[Event "Betsys MČR v online bleskovém šachu 2021"]
[Site "Chess.com"]
[Date "2021.04.17"]
[Round "5"]
[White "JanBaraCZE"]
[Black "Fafin1"]
[Result "1-0"]
[WhiteElo "1586"]
[BlackElo "1163"]
[TimeControl "180+1"]
[EndTime "9:48:11 PDT"]
[Termination "Uživatel JanBaraCZE zvítězil na čas"]

1. d4 d5 2. c4 c6 3. cxd5 cxd5 4. Nc3 e6 5. Nf3 Bb4 6. g3 Nc6 7. Bg2 Nge7 8. O-O Bd7 9. a3 Ba5 10. b4 Bb6 11. Na4 O-O 12. Nxb6 Qxb6 13. Rb1 h6 14. Bf4 Nf5 15. e3 Nce7 16. Ne5 Bb5 17. Re1 Rfd8 18.
a4 Be8 19. Nd3 Nc6 20. b5 Nce7 21. Nc5 Rdc8 22. Qd2 Ng6 23. Bf1 Nxf4 24. exf4 Nd6 25. a5 Qc7 26. b6 axb6 27. axb6 Qc6 28. Nd3 Nc4 29. Qe2 Nxb6 30. Ne5 Qd6 31. Bg2 Nd7 32. Nxd7 Qxd7 33. Qf3 Ra4 34. f5 exf5 35. Qxd5 Qxd5 36. Bxd5 Rxd4 37. Bxb7 Rb8 38. Bf3 Rxb1 39. Rxb1 Kh7 40. Kg2 Ba4 41. Rb7 f6 42. Re7 f4 43. gxf4 Rxf4 44.
Kg3 Rd4 45. Re3 Bd7 46. h3 f5 47. Re7 1-0

[Event "Betsys MČR v online bleskovém šachu 2021"]
[Site "Chess.com"]
[Date "2021.04.17"]
[Round "5"]
[White "Klokan64"]
[Black "zaciname"]
[Result "1-0"]
[WhiteElo "1417"]
[BlackElo "724"]
[TimeControl "180+1"]
[EndTime "9:48:12 PDT"]
[Termination "Uživatel Klokan64 zvítězil na čas"]

1. d4 Nf6 2. Nf3 e6 3. Bg5 d5 4. e3 Be7 5. Bb5+ c6 6. Ba4 b5 7. Bb3 a5 8. a3 a4 9. Ba2 Ne4 10. Bxe7 Qxe7 11. Nbd2 Nxd2 12. Qxd2 O-O 13. c3 Nd7 14. Bb1 Nf6 15. Bc2 c5 16. O-O c4 17.
Ne5 Ne4 18. Bxe4 dxe4 19. f4 exf3 20. Rxf3 Bb7 21. Rg3 f6 22. Ng4 Rae8 23. Rf1 e5 24.
Qf2 exd4 25. exd4 Qe2 26. Qxe2 Rxe2 27. Rb1 Rfe8 28. h4 Kf7 29. Kh2 Re1 30. Rxe1 Rxe1 31. Re3 Rxe3 32. Nxe3 Ke6 33. Kg3 g6 34. Kf4 h5 35. g3 Bc6 36. g4 hxg4 37. Nxg4 f5 38. Ne3 Be4 39. Kg5 Kf7 40. d5 Kg7 41. h5 gxh5 42.
Kxh5 Kf7 43. Kg5 Ke7 44. Kf4 Kd6 45. Nxf5+ Kxd5 46. Ne3+ Kd6 47. Kxe4 Ke6 48. Kd4 Kd6 49. Nf5+ Kc6 50. Ke5 Kc5 51. Nd4 Kb6 52. Kd6 Ka6 53. Kc5 Kb7 54. Kxb5 1-0

[Event "Betsys MČR v online bleskovém šachu 2021"]
[Site "Chess.com"]
[Date "2021.04.17"]
[Round "5"]
[White "MilosJi"]
[Black "Saygram"]
[Result "0-1"]
[WhiteElo "2596"]
[BlackElo "2416"]
[TimeControl "180+1"]
[EndTime "9:48:13 PDT"]
[Termination "Uživatel Saygram zvítězil po vzdání soupeře"]

1. Nf3 Nf6 2. c4 e6 3. g3 d5 4. Bg2 dxc4 5. Qa4+ Nbd7 6. Qxc4 c5 7. O-O a6 8. a4 b5 9. Qc2 Bb7 10. d3 Bd6 11. Nc3 b4 12. Nd1 O-O 13. Ne3 Nd5 14. Nc4 Be7 15. a5 Bc6 16. e4 Nc7 17. Be3 Nb5 18. Rfc1 Rc8 19. h4 f6 20. Qb3 Kh8 21.
Bh3 f5 22. Nfe5 Nxe5 23. Nxe5 Nd4 24. Bxd4 Qxd4 25. Qxe6 fxe4 26. Nf7+ Rxf7 27. Qxc8+ Rf8 28.
Qxc6 Qxf2+ 29. Kh1 Qxg3 30. Bg2 Bd6 31. Qxd6 Qxd6 32.
dxe4 Qg3 33. Rf1 Qxh4+ 34. Kg1 Rxf1+ 35. Rxf1 g6 36. b3 Qg3 37. Rf3 Qe5 38. Re3 Kg7 39.
Bf1 h5 40. Bxa6 Qf6 41. Bc4 Qd4 42. Kf2 g5 43. e5 Kf8 44. e6 Ke7 45. a6 Qd2+ 46. Kf3 g4+ 47. Ke4 Qd4+ 48. Kf5 Qxe3 49. a7 Qf3+ 50. Kg5 Qa8 51. Kxh5 Qxa7 52. Kxg4 Qa1 53. Kf5 Qf6+ 54. Ke4 Kd6 55. Kd3 Qd4+ 56. Ke2 Ke5 0-1

[Event "Betsys MČR v online bleskovém šachu 2021"]
[Site "Chess.com"]
[Date "2021.04.17"]
[Round "5"]
[White "jhdghaka"]
[Black "jankrelina07"]
[Result "1-0"]
[WhiteElo "1872"]
[BlackElo "1537"]
[TimeControl "180+1"]
[EndTime "9:48:13 PDT"]
[Termination "Uživatel jhdghaka zvítězil na čas"]

1. e4 c5 2. Nf3 Nc6 3. Bb5 g6 4. O-O Bg7 5. Re1 d6 6. c3 Bd7 7. d4 a6 8. Bf1 b6 9. Be3 Nf6 10.
Nbd2 O-O 11. h3 Bc8 12. a3 Bb7 13. Bd3 Re8 14. Rc1 Rc8 15. Qe2 Nb8 16. d5 Nfd7 17. b4 Ne5 18. Nxe5 Bxe5 19. f4 Bg7 20. Bf2 cxb4 21. cxb4 b5 22. Nf3 Nd7 23. Qd2 Rxc1 24. Rxc1 Qa8 25. Rc2 Rc8 26. Kf1 Rxc2 27. Qxc2 Qc8 28.
Ke2 Qxc2+ 29. Bxc2 e5 30. g3 exf4 31. gxf4 h6 32.
h4 Kh7 33. Nd4 Nf6 34. Kf3 Ne8 35. a4 bxa4 36. Bxa4 Nc7 37. Bc6 Bc8 38. Nb3 Nb5 39. Na5 h5 40. Bb7 Bd7 41. Bxa6 Nc3 42. Bc4 Bh8 43.
Nc6 Na4 44. b5 Bf6 45. b6 Bc8 46. Na7 Bb7 47. Kg3 Nb2 48. Bb5 Nd3 49. Bc6 Bxc6 50. dxc6 1-0

[Event "Betsys MČR v online bleskovém šachu 2021"]
[Site "Chess.com"]
[Date "2021.04.17"]
[Round "5"]
[White "conysek"]
[Black "chessbeer17"]
[Result "0-1"]
[WhiteElo "2111"]
[BlackElo "2347"]
[TimeControl "180+1"]
[EndTime "9:48:14 PDT"]
[Termination "Uživatel chessbeer17 zvítězil po vzdání soupeře"]

1. e4 c6 2. Nf3 d5 3. Nc3 Bg4 4.
exd5 cxd5 5. Bb5+ Nc6 6. h3 Bxf3 7. Qxf3 e6 8. O-O Nf6 9. d3 Be7 10. Re1 O-O 11. Ne2 Rc8 12. c3 Qb6 13. Ba4 Ne5 14. Qg3 Ng6 15. d4 Bd6 16. Qd3 Ne4 17. Bc2 Qc7 18.
f3 Bh2+ 19. Kf1 Ng3+ 20. Nxg3 Bxg3 21. Re2 a6 22. Bd2 Qc4 23. Qxc4 Rxc4 24. Bd3 Rc7 25. a4 Bd6 26. Rae1 Rfc8 27. Kf2 Kf8 28. g3 Ne7 29. h4 h6 30. g4 Kg8 31. Rh1 Ng6 32. Ree1 Nf4 33. Bb1 Re7 34. g5 h5 35. Bxf4 Bxf4 36. g6 f6 37. Re2 Rce8 38. Rhe1 Kf8 39. Ba2 Bd6 40. Ke3 b5 41. axb5 axb5 42. Kd3 Bg3 43.
Rh1 Rb7 44. Rg2 Bd6 45. Re1 b4 46. Rge2 Rbe7 47. Bb3 bxc3 48. bxc3 Bg3 49. Rh1 Rb7 50. Bc2 Rc7 51. Rg2 Rec8 52. Rxg3 Rxc3+ 53. Ke2 Rxc2+ 54. Ke3 R8c3+ 55. Kf4 Rd2 56. Rgg1 Rxd4+ 57. Kg3 Rdd3 58.
Rf1 e5 59. Rf2 e4 60. Rhf1 Ke7 61. Kf4 Rxf3+ 62. Rxf3 Rxf3+ 63. Rxf3 exf3 0-1

[Event "Betsys MČR v online bleskovém šachu 2021"]
[Site "Chess.com"]
[Date "2021.04.17"]
[Round "5"]
[White "berny643"]
[Black "PetrVelicka"]
[Result "1-0"]
[WhiteElo "2570"]
[BlackElo "2382"]
[TimeControl "180+1"]
[EndTime "9:48:15 PDT"]
[Termination "Uživatel berny643 zvítězil po vzdání soupeře"]

1. d4 d5 2. Nf3 Nf6 3. c4 c6 4. e3 Bg4 5. Nbd2 e6 6. b3 Nbd7 7.
Bb2 Be7 8. Bd3 O-O 9. O-O a6 10. Qe2 b5 11. Rfc1 Qb6 12. Rab1 Rfc8 13. e4 dxe4 14. Nxe4 Nxe4 15. Qxe4 Bf5 16. Qe3 Bxd3 17. Qxd3 Bf6 18. h4 h6 19. Ba3 Rd8 20. Bd6 Rac8 21. c5 Qb7 22. g4 Nf8 23. g5 hxg5 24. hxg5 Be7 25. Bxe7 Qxe7 26. Qe4 Ng6 27. Kg2 Qc7 28. Rh1 Qf4 29. Qe3 Rd5 30. Rbe1 Rcd8 31. Rh3 Qf5 32. Rg3 Nf4+ 33. Kf1 Qd3+ 34. Kg1 Qxe3 35.
fxe3 Ng6 36. Kf2 e5 37. Rg4 exd4 38. exd4 Kf8 39. Rge4 R5d7 40. Rh1 Re8 41. Ne5 Rde7 42. Nxg6+ fxg6 43. Rh8+ Kf7 44. Rxe8 Kxe8 45. Rxe7+ Kxe7 46. Ke3 b4 47. d5 cxd5 48. Kd4 Ke6 49. c6 Kd6 50. c7 Kxc7 51. Kxd5 Kd7 52. Kc5 Ke6 53. Kxb4 Kf5 54. Ka5 Kxg5 55. Kxa6 Kh4 56. b4 g5 57. b5 g4 58. b6 g3 59. b7 g2 60.
b8=Q g1=Q 61. Qh8+ Kg3 62. Qxg7+ Kf2 63. Qxg1+ Kxg1 64.
Kb7 Kf2 65. a4 Ke3 66. a5 Kd4 67. a6 Kc5 68. a7 1-0

[Event "Betsys MČR v online bleskovém šachu 2021"]
[Site "Chess.com"]
[Date "2021.04.17"]
[Round "5"]
[White "Hroch-hroch"]
[Black "DONSANMIGUEL"]
[Result "0-1"]
[WhiteElo "2248"]
[BlackElo "1819"]
[TimeControl "180+1"]
[EndTime "9:48:15 PDT"]
[Termination "Uživatel DONSANMIGUEL zvítězil na čas"]

1. e4 a6 2. Nf3 b5 3. d3 Bb7 4. Be2 e6 5. O-O c5 6. a4 b4 7. Nbd2 Nf6 8. c3 Nc6 9. d4 Qc7 10. Re1 bxc3 11. bxc3 cxd4 12. cxd4 Ng4 13. e5 Bb4 14. Rb1 h5 15. h3 Nh6 16. Qc2 Ba5 17. Ba3 Nf5 18. Qb2 Rb8 19. Bd3 Ba8 20. Qa1 Rxb1 21. Qxb1 Ncxd4 22. Nxd4 Nxd4 23. Bd6 Qb7 24. Qxb7 Bxb7 25. Rb1 Bc8 26. Nc4 Bd8 27. Rb8 Nc6 28. Be4 Nxb8 29. Bxb8 Ke7 30. Bd6+ Ke8 31. Ba3 Be7 32.
Bb2 Kf8 33. Nb6 f5 34. Bf3 Kf7 35. Bxh5+ g6 36. Bf3 g5 37. g3 Kg7 38. Kg2 Kg6 39. h4 gxh4 40. gxh4 Rg8 41. Kf1 Bxh4 42. Bd4 Kh6 43. Be3+ Bg5 44. Bd4 f4 45. Nc4 Be7 46. Nd2 Rg7 47. Ke2 Rg8 48. Nc4 Rg7 49. Nb6 Rg8 0-1

[Event "Betsys MČR v online bleskovém šachu 2021"]
[Site "Chess.com"]
[Date "2021.04.17"]
[Round "5"]
[White "WhiteLittleHorse"]
[Black "TTCZ"]
[Result "1/2-1/2"]
[WhiteElo "968"]
[BlackElo "1472"]
[TimeControl "180+1"]
[EndTime "9:48:16 PDT"]
[Termination "Remíza dohodou"]

1. e4 e6 2. d4 d5 3. e5 c5 4. Be3 cxd4 5. Bxd4 Nc6 6. Nf3 Nxd4 7. Nxd4 Bc5 8. c3 f6 9. Bb5+ Bd7 10. Bxd7+ Qxd7 11. O-O fxe5 12. Nf3 Bd6 13. Re1 e4 14. Nd4 Nf6 15. g3 O-O 16. Qc2 Ng4 17. Rf1 e5 18.
Nb3 e3 19. f3 Nh6 20. Qd3 Nf5 21. Na3 a6 22. c4 d4 23. c5 Bc7 24. Nc4 Qc6 25. Nba5 Bxa5 26. Nxa5 Qc7 27. Nc4 Rac8 28. b3 b6 29. cxb6 Qb7 30. f4 Nh6 31. fxe5 Rxf1+ 32. Rxf1 Ng4 33. Qxd4 e2 34. Re1 Qf3 35. Nd2 Qe3+ 36.
Qxe3 Nxe3 37. Rxe2 Rc1+ 38. Kf2 Ng4+ 39. Kf3 h5 40. e6 Rc8 41. Ne4 Rf8+ 42. Kg2 Re8 43. Ng5 Re7 44. h3 Nf6 45. Nf3 g6 46. g4 hxg4 47.
hxg4 Nxg4 48. Kg3 Nf6 49. a4 Kg7 50. Kf4 a5 51. Ng5 Nd5+ 52. Kg4 Nf6+ 1/2-1/2

[Event "Betsys MČR v online bleskovém šachu 2021"]
[Site "Chess.com"]
[Date "2021.04.17"]
[Round "5"]
[White "Michal5"]
[Black "Asmodai5"]
[Result "0-1"]
[WhiteElo "1200"]
[BlackElo "1104"]
[TimeControl "180+1"]
[EndTime "9:48:22 PDT"]
[Termination "Uživatel Asmodai5 zvítězil matem"]

1. e4 e5 2. Nf3 Nc6 3. Bc4 Bc5 4. d3 Nf6 5. Nc3 O-O 6. O-O d6 7. Bg5 Bg4 8. Nd5 Nd4 9. Nxf6+ gxf6 10. Bh6 Re8 11. Re1 Qd7 12. c3 Nxf3+ 13. gxf3 Bh3 14. Be3 f5 15. Bxc5 dxc5 16. Qd2 fxe4 17. Qg5+ Kf8 18. fxe4 Qg4+ 19. Qxg4 Bxg4 20. Kg2 Re6 21. Bxe6 Bxe6 22. Re3 Rd8 23. Rg3 Ke7 24. Re1 b6 25. Ree3 c4 26. a3 cxd3 27. Rxd3 Rd6 28. Rxd6 cxd6 29. Kf3 f5 30. Rg7+ Kf6 31. Rxh7 fxe4+ 32. Kxe4 Bf5+ 33. Ke3 Bxh7 34. f3 Kf5 35. h4 Bg6 36. b3 d5 37. a4 e4 38. fxe4+ dxe4 39. b4 Be8 40. b5 Bf7 41. h5 Bxh5 42. c4 Be8 43. c5 bxc5 44. a5 Bxb5 45. a6 c4 46. Ke2 c3+ 47. Kd1 e3 48. Kc2 e2 49.
Kxc3 e1=Q+ 50. Kd4 Qd2+ 51. Kc5 Qd3 52. Kb4 Qc4+ 53.
Ka3 Qc3+ 54. Ka2 Kf4 55. Kb1 Ke3 56. Ka2 Qb4 57. Ka1 Kd2 58. Ka2 Kc2 59. Ka1 Qb2# 0-1

[Event "Betsys MČR v online bleskovém šachu 2021"]
[Site "Chess.com"]
[Date "2021.04.17"]
[Round "5"]
[White "Gicko13"]
[Black "CZpeeeter"]
[Result "1/2-1/2"]
[WhiteElo "2026"]
[BlackElo "1733"]
[TimeControl "180+1"]
[EndTime "9:48:23 PDT"]
[Termination "Remíza opakováním pozice"]

1. e4 g6 2. d4 c6 3. Nc3 d5 4.
Nf3 Bg7 5. h3 Nf6 6. Bd3 dxe4 7.
Nxe4 O-O 8. O-O Be6 9. b3 Bd5 10. Nxf6+ Bxf6 11. Ne5 Qd6 12. Bb2 Nd7 13. c4 Be6 14.
Qe2 Qc7 15. Rad1 Rad8 16. Bb1 Nxe5 17. dxe5 Bg7 18. h4 c5 19. h5 Rd7 20. Rxd7 Qxd7 21. Rd1 Qc7 22. Rd2 Rd8 23. hxg6 hxg6 24. Rxd8+ Qxd8 25. Qd3 Qxd3 26. Bxd3 b6 27. f4 f5 28. exf6 exf6 29.
Bxg6 f5 30. Bxg7 Kxg7 31. Bh5 Kh6 32. Bf3 Kg6 33. Kf2 Kf6 34. Kg3 Bf7 35. Kh4 Be8 36. Bd1 b5 37. a4 bxc4 38. bxc4 Bf7 39. Be2 a5 40. g4 fxg4 41. Kxg4 Be8 42. Bd1 Bc6 43. Kg3 Be4 44. Kf2 Bd3 45. Bb3 Kf5 46.
Ke3 Bb1 47. Bd1 Be4 48. Be2 Bc2 49. Bf3 Bxa4 50. Bg2 Bb3 51. Bh3+ Kf6 52. Bf1 Kf5 53. Bh3+ Kf6 54. Bf1 Kf5 55. Bh3+ 1/2-1/2